Map: Ulrena

Players

Plutonun - Winner!

  • Race: Protoss Protoss

Vanrhell

  • Race: Terran Terran

VOD

Have the link to the VOD?

Description

Time

  • Played on: Nov. 11, 2015, 9:24 a.m.
  • Length: 4:09
Show
View Real Time Build Order
Export as new Build Order

Plutonun Protoss - Winner!

Build Orders: Oracle Opening 

Get SALT Encoding   

  12  0:00  Probe (Chrono Boost)  
  13  0:13  Pylon  
  13  0:17  Probe (Chrono Boost)  
  14  0:28  Probe (Chrono Boost)  
  15  0:38  Gateway  
  15  0:39  Probe (Chrono Boost)  
  16  0:45  Assimilator  
  16  0:49  Probe (Chrono Boost)  
  17  0:54  Assimilator  
  17  1:00  Probe (Chrono Boost)  
  18  1:10  Probe (Chrono Boost)  
  19  1:21  Probe (Chrono Boost)  
  19  1:25  Cybernetics Core  
  20  1:29  Pylon  
  20  1:31  Probe (Chrono Boost)  
  21  1:42  Probe (Chrono Boost)  
  22  1:52  Probe (Chrono Boost)  
  23  2:07  Stargate  
  23  2:09  Pylon  
  23  2:13  Stalker (Chrono Boost)  
  27  2:16  Mothership Core (Chrono Boost)  
  27  2:34  Probe  
  28  2:45  Stalker (Chrono Boost)  
  28  2:50  Pylon  
  30  2:55  Oracle (Chrono Boost)  
  33  3:12  Pylon  
  33  3:19  Probe  
  33  3:29  Nexus  
  33  3:31  Probe  
  34  3:35  Sentry  
  36  3:45  Gateway  
Show
View Real Time Build Order
Export as new Build Order

Vanrhell Terran 

Build Orders:  

Get SALT Encoding   

  12  0:30  Supply Depot  
  12  1:45  Barracks  
  12  2:43  Marine  
  13  3:01  Marine  
  13  3:03  Supply Depot  
  13  3:04  Barracks  
  14  3:18  Marine  
  15  3:36  Marine  
  16  3:42  SCV  
  17  3:54  SCV  
Tags
 
Matchup
PvT
Replay Pack
1st pack
Add a new tag
Caveats
  • Supply blocks, unpowered buildings, or Contaminate may cause inaccurate times.
  • Supply counts are checked every 10 seconds.